 Dungeon Crawl Stone Soup version 0.29-a0-876-gfc89b1a5bd (webtiles) character file.

Game seed: 13374867381514430390

13479 raph the Geomancer (level 11, 0/63 HPs)
             Began as a Deep Elf Earth Elementalist on July 19, 2022.
             Was an Elder of Sif Muna.
             Slain by a cane toad (6 damage)
             ... on level 2 of the Lair of Beasts.
             The game lasted 00:27:29 (18406 turns).

raph the Geomancer (Deep Elf Earth Elementalist)   Turns: 18406, Time: 00:27:29

Health: 0/63       AC: 13    Str:  7    XL:     11   Next: 76%
Magic:  22/25      EV: 16    Int: 29    God:    Sif Muna [****..]
Gold:   574        SH:  0    Dex: 19    Spells: 3/27 levels left

rFire   + . .      SeeInvis .   a - +5 dagger (venom)
rCold   . . .      Faith    +   (no shield)
rNeg    . . .      Spirit   .   y - +3 leather armour "Lubuhoch" {rF+ Dex+4}
rPois   .          Reflect  .   n - +2 helmet
rElec   .          Harm     .   d - scarf {+Inv}
rCorr   .          Rampage  .   (no gloves)
Will    +....                   (no boots)
Stlth   ++++......              L - amulet of faith
HPRegen 0.20/turn               z - +6 ring of intelligence
MPRegen 0.19/turn               q - +4 ring of protection

@: no status effects
A: no striking features
a: Renounce Religion, Evoke Invisibility, Channel Magic, Forget Spell, Divine
Exegesis


You were on level 2 of the Lair of Beasts.
You worshipped Sif Muna.
Sif Muna was greatly pleased with you.
You visited 2 branches of the dungeon, and saw 13 of its levels.
You also visited: Sewer.

You collected 574 gold pieces.

Inventory:

Hand Weapons
 a - a +5 dagger of venom (weapon)
 b - a +0 longbow of freezing
 e - a +1 dagger
 s - a +0 vampiric quarterstaff
 E - a +0 shortbow
 I - a +0 vorpal rapier
Missiles
 f - 125 stones
 k - 16 boomerangs
Armour
 d - a scarf of invisibility (worn)
 m - a +2 animal skin
 n - a +2 helmet (worn)
 y - the +3 leather armour "Lubuhoch" (worn) {rF+ Dex+4}
   (You found it on level 6 of the Dungeon)

   Dex:       It affects your dexterity (+4).
   rF:        It protects you from fire.
 G - +0 swamp dragon scales
Jewellery
 i - a ring of resist corrosion
 o - a ring of see invisible
 q - a +4 ring of protection (right hand)
 z - a +6 ring of intelligence (left hand)
 L - an amulet of faith (around neck)
Wands
 A - a wand of flame (38)
 D - a wand of roots (14)
 K - a wand of paralysis (2)
Scrolls
 p - 2 scrolls of brand weapon
 u - 2 scrolls of fog
 v - 4 scrolls of teleportation
 w - 2 scrolls of amnesia
 C - 2 scrolls of identify
Potions
 c - a potion of cancellation
 g - a potion of curing
 h - 4 potions of heal wounds
 j - 2 potions of mutation
 l - 3 potions of magic
 r - a potion of ambrosia
 t - 6 potions of haste
 x - 2 potions of might
 B - a potion of resistance
 F - 2 potions of attraction
 H - 2 potions of flight
 J - a potion of berserk rage {unknown}


   Skills:
 + Level 5.1 Fighting
 + Level 1.5 Short Blades
 - Level 3.6 Ranged Weapons
 + Level 8.0 Dodging
 + Level 8.4 Stealth
 + Level 8.6 Spellcasting
 * Level 5.9 Conjurations
 - Level 5.2 Hexes
 + Level 8.0 Summonings
 - Level 1.1 Transmutations
 * Level 9.6 Earth Magic
 + Level 5.7 Invocations


You had 3 spell levels left.
You knew the following spells:

 Your Spells              Type           Power      Damage    Failure   Level
a - Sandblast             Erth           100%       2d20      1%          1
b - Passwall              Tmut/Erth      35%        N/A       1%          2
c - Stone Arrow           Conj/Erth      100%       3d13      1%          3
d - Petrify               Tmut/Erth      43%        N/A       7%          4
e - Call Canine Familiar  Summ           56%        N/A       1%          3
f - Animate Armour        Summ/Erth      100%       N/A       1%          4
g - Tukima's Dance        Hex            43%        N/A       2%          3
h - Leda's Liquefaction   Hex/Erth       27%        N/A       3%          4

Your spell library contained the following spells:

 Spells                   Type           Power      Damage    Failure   Level
 Necrotise                Necr           48%        1d6       6%          1
 Portal Projectile        Hex/Tloc       54%        N/A       7%          3
 Vampiric Draining        Necr           12%        2d6       19%         3
 Blade Hands              Tmut           9%         N/A       75%         5
 Agony                    Necr           12%        N/A       87%         5
 Lehudib's Crystal Spear  Conj/Erth      27%        10d7      100%        8


Dungeon Overview and Level Annotations

Branches:
Dungeon (11/15)            Temple (0/1) D:5            Lair (2/5) D:8
  Sewer (visited)
  Swamp: Lair:2-3    Shoals: Lair:2-3     Snake: Lair:2-3    Spider: Lair:2-3
    Orc: D:9-12

Altars:
Cheibriados
Dithmenos
Elyvilon
Kikubaaqudgha
Makhleb
Okawaru
Ru
Sif Muna
Yredelemnul
The Shining One

Shops:
D:5 (


Message History

Aiming: Sandblast (safe; 1% risk of failure)
Press: ? - help, Q - select action, (/) - cycle Shift-Dir - straight line, f/p - cane toad
Aim: a cane toad (severely wounded, 86% to hit)
Okay, then.
You feel better. The black mamba bites you!
* * * LOW HITPOINT WARNING * * *
You are lethally poisoned!
The black mamba poisons you! The black mamba completely misses you.
You feel much better.
You feel very sick.
The black mamba bites you but does no damage.
The black mamba misses you.
Aiming: Sandblast (safe; 1% risk of failure)
Press: ? - help, Q - select action, (/) - cycle Shift-Dir - straight line, f/p - cane toad
Aim: a cane toad (severely wounded, 86% to hit)
The blast of sand hits the black mamba!
The black mamba is moderately wounded.
* * * LOW HITPOINT WARNING * * *
You feel extremely sick. The black mamba bites you!
* * * LOW HITPOINT WARNING * * *
The black mamba bites you but does no damage.
The black mamba barely misses you.
You feel better. The black mamba misses you. The black mamba barely misses you.
Aiming: Sandblast (safe; 1% risk of failure)
Press: ? - help, Q - select action, (/) - cycle Shift-Dir - straight line, f/p - cane toad
Aim: a cane toad (severely wounded, 86% to hit)
The blast of sand hits the black mamba!!
The black mamba is almost dead.
The black mamba bites you.
* * * LOW HITPOINT WARNING * * *
The black mamba barely misses you. The black mamba closely misses you. x2
Aiming: Sandblast (safe; 1% risk of failure)
Press: ? - help, Q - select action, (/) - cycle Shift-Dir - straight line, f/p - cane toad
Aim: a cane toad (severely wounded, 86% to hit)
The blast of sand hits the black mamba!
You kill the black mamba!
Sif Muna accepts your kill. The cane toad stings you.
You die...

......... #...
.........[.....# #.[.
...............# ...## .
........'......# #...###P.
.....P.#......# ##........
..............# .........
...#.#P.......######........
....###.......#.##..........
#..###..........@F..........
#..# #.....##..###..........
#..# ##..####### #......#+##
...###...# #....#...
.........#### ..........
.####......... ......#.....
## #......... .......#.....
...<....... .....
##..........


You could see a cane toad.

Vanquished Creatures
  A hydra (Lair:2)
  A centaur warrior (D:8)
  Nergalle (Lair:2)
  2 black mambas
  Joseph (D:7)
  A gargoyle (D:10)
  A cane toad (Lair:1)
  A komodo dragon (D:11)
  A troll (D:9)
  2 hornets
  2 shadows (D:9)
  9 yaks
  3 wyverns
  2 wargs (D:8)
  4 water moccasins
  An orc warrior (D:7)
  3 sky beasts
  A black bear (D:6)
  3 ice beasts
  An ogre (D:6)
  4 wolves (Lair:1)
  2 centaurs
  3 kobold brigands
  9 bullfrogs
  3 necrophages
  2 gnoll sergeants
  2 scorpions
  10 killer bees
  An electric eel (D:6)
  9 howler monkeys
  7 orc priests
  2 jellies
  2 gnoll boudas
  Natasha (twice) (D:2)
  5 iguanas
  5 orc wizards
  5 hell rats
  Robin (D:2)
  21 gnolls
  7 adders
  4 river rats
  3 white imps
  4 worms
  6 dart slugs
  33 orcs
  6 endoplasms
  5 giant cockroaches
  13 goblins
  6 hobgoblins
  9 jackals
  22 kobolds
  4 quokkas
  6 ball pythons
  10 bats
  3 frilled lizards
  10 rats
287 creatures vanquished.

Vanquished Creatures (collateral kills)
  Pikel (D:7)
  Maggie (D:9)
  A cane toad (Lair:1)
  A komodo dragon (Lair:1)
  4 yaks
  An orc warrior (D:10)
  2 kobold brigands
  2 lemures (D:7)
  A bullfrog (Lair:1)
  A gnoll sergeant (D:8)
  A howler monkey (D:9)
  3 orc wizards
  2 hell rats (Lair:1)
  10 gnolls
  4 orcs
  8 kobolds
43 creatures vanquished.

Vanquished Creatures (others)
  A dancing weapon (D:8)
  7 fungi
  31 plants
39 creatures vanquished.

Grand Total: 369 creatures vanquished

Notes
Turn   | Place    | Note
-------+----------+-------------------------------------------
     0 | D:1      | raph the Deep Elf Earth Elementalist began the quest for
                  | the Orb.
     0 | D:1      | Reached XP level 1. HP: 10/10 MP: 6/6
   144 | D:1      | Reached XP level 2. HP: 6/15 MP: 2/8
   582 | D:1      | Learned a level 2 spell: Passwall
  1176 | D:1      | Reached XP level 3. HP: 19/20 MP: 5/9
  1260 | D:1      | Learned a level 3 spell: Stone Arrow
  2015 | D:2      | Reached skill level 4 in Earth Magic
  2165 | D:2      | Reached skill level 1 in Fighting
  2186 | D:2      | Noticed Robin
  2187 | D:2      | Reached XP level 4. HP: 16/25 MP: 7/11
  2201 | D:2      | Killed Robin
  2543 | D:2      | Noticed Natasha
  2547 | D:2      | Killed Natasha
  2779 | D:2      | You fall into a shaft and drop 1 floor!
  3135 | D:2      | Noticed Natasha
  3139 | D:2      | Killed Natasha
  3140 | D:2      | Reached XP level 5. HP: 29/29 MP: 8/13
  3151 | D:2      | Learned a level 4 spell: Petrify
  4141 | D:3      | Reached skill level 5 in Earth Magic
  4513 | D:4      | Reached XP level 6. HP: 32/35 MP: 9/14
  5012 | D:4      | Found a glowing drain.
  5016 | Sewer    | Entered a sewer
  5060 | Sewer    | Learned a level 3 spell: Call Canine Familiar
  5309 | D:4      | Found a white marble altar of Elyvilon.
  5320 | D:4      | Found a shimmering blue altar of Sif Muna.
  5323 | D:4      | Became a worshipper of Sif Muna the Loreminder
  5523 | D:5      | Entered Level 5 of the Dungeon
  5533 | D:5      | Found an ancient bone altar of Kikubaaqudgha.
  5563 | D:5      | Reached skill level 1 in Summonings
  5563 | D:5      | Reached XP level 7. HP: 15/40 MP: 6/16
  6199 | D:5      | Found Hahavel's Weapon Shoppe.
  6202 | D:5      | Reached skill level 5 in Spellcasting
  6202 | D:5      | Reached skill level 6 in Earth Magic
  6434 | D:5      | Found a snail-covered altar of Cheibriados.
  6726 | D:5      | Found a staircase to the Ecumenical Temple.
  6861 | D:6      | Reached skill level 5 in Stealth
  6946 | D:6      | Reached XP level 8. HP: 45/45 MP: 17/17
  6954 | D:6      | Identified the +3 leather armour "Lubuhoch" {rF+ Dex+4}
  7098 | D:6      | Reached skill level 1 in Invocations
  7144 | D:6      | Reached skill level 5 in Dodging
  7177 | D:6      | Reached * piety under Sif Muna
  7587 | D:6      | Reached skill level 7 in Earth Magic
  7681 | D:6      | Reached skill level 1 in Conjurations
  7991 | D:6      | Found a glowing golden altar of the Shining One.
  8573 | D:7      | Noticed Joseph
  8636 | D:7      | Noticed Pikel
  8834 | D:7      | Reached XP level 9. HP: 51/51 MP: 17/20
  9121 | D:7      | Learned a level 4 spell: Animate Armour
  9138 | D:7      | Reached skill level 5 in Summonings
  9138 | D:7      | Reached ** piety under Sif Muna
  9203 | D:7      | Killed Pikel
  9204 | D:7      | Reached skill level 8 in Earth Magic
  9235 | D:7      | Killed Joseph
 10432 | D:8      | Learned a level 3 spell: Tukima's Dance
 10480 | D:8      | Found a sacrificial altar of Ru.
 10584 | D:8      | Paralysed by a hornet for 2 turns
 10591 | D:8      | Paralysed by a hornet for 1 turns
 10597 | D:8      | Reached XP level 10. HP: 15/56 MP: 10/22
 10854 | D:8      | Reached skill level 1 in Hexes
 10939 | D:8      | Noticed a centaur warrior
 10946 | D:8      | Killed a centaur warrior
 11123 | D:8      | Reached *** piety under Sif Muna
 11345 | D:8      | Found a shadowy altar of Dithmenos.
 11759 | D:8      | Found a staircase to the Lair.
 11908 | D:8      | Found an iron altar of Okawaru.
 12311 | D:9      | Reached skill level 1 in Ranged Weapons
 12574 | D:9      | HP: 1/58 [troll (12)]
 12606 | D:9      | Noticed Maggie
 12833 | D:8      | Learned a level 4 spell: Leda's Liquefaction
 13535 | D:9      | Killed Maggie
 13983 | D:9      | Reached XP level 11. HP: 62/62 MP: 19/24
 14225 | D:9      | Found a burning altar of Makhleb.
 14225 | D:9      | Noticed a cacodemon
 14304 | D:10     | Entered Level 10 of the Dungeon
 14319 | D:10     | Reached skill level 5 in Hexes
 14892 | D:10     | Reached **** piety under Sif Muna
 14940 | D:10     | Reached skill level 5 in Invocations
 15820 | D:10     | Found a basalt altar of Yredelemnul.
 16167 | D:11     | HP: 3/62 [komodo dragon (7)]
 16475 | Lair:1   | Entered Level 1 of the Lair of Beasts
 16481 | Lair:1   | Reached skill level 9 in Earth Magic
 16702 | Lair:1   | Reached skill level 5 in Conjurations
 17385 | Lair:1   | Reached skill level 5 in Fighting
 17791 | Lair:2   | Reached skill level 1 in Short Blades
 17800 | Lair:2   | Noticed Nergalle
 17812 | Lair:2   | Killed Nergalle
 18094 | Lair:2   | Noticed an eight-headed hydra
 18108 | Lair:2   | Killed an eight-headed hydra
 18406 | Lair:2   | Slain by a cane toad

Illustrated notes

Levels and vault maps discovered:
D:1:      roderic_crossed_star, layout_loops_corners, dk_noncrumbling_4
D:2:      layout_loops_cross, kennysheep_potato, uniq_natasha, uniq_robin
D:3:      layout_loops_corners
D:4:      layout_cave_pools, mainiacjoe_overflow_swirl, gup_sewer_entry_bowl
D:5:      layout_cave_pools, cheibriados_altar_1, kiku_gazebo_garden_becter,
          minmay_temple_entry_nine_rooms, serial_shops,
          nicolae_shop_statue_plus, kennysheep_cross_bottleneck
D:6:      layout_loops_corners, mainiacjoe_overflow_alcove_1,
          small_statue_alley_b, minivault_4
D:7:      layout_cave_pools, enter_bailey_6, minmay_misc_feat_ornament,
          reono_crystal_passage, grunt_ministairs_2, uniq_pikel, uniq_joseph
D:8:      layout_gridville, mainiacjoe_overflow_cross_hatched,
          nicolae_ru_the_path_less_chosen, mainiacjoe_overflow_six_doors_small,
          erik_lair_orcish_takeover
D:9:      layout_basic, makhleb_altar_promises_db, minmay_misc_feat_nine_boxes,
          uniq_maggie
D:10:     nicolae_cairo_tiling, layout_grid_maze, mainiacjoe_overflow_alcove_2
D:11:     layout_cave_pods, minmay_orc_entry_temple_small
Lair:1:   layout_regular_city
Lair:2:   layout_chaotic_city, elwin_shoals_entry_rocks,
          hangedman_lair_unloving_vines, bobbens_dragon_lair_wall,
          uniq_nergalle, uniq_amaemon

Skill      XL: |  1  2  3  4  5  6  7  8  9 10 11 |
---------------+----------------------------------+-----
Dodging        | 3 4 5 6 7 8 |  8.0
Stealth        | 3 4 5 6 7 8 |  8.4
Earth Magic    | 4 5 6 7 8 9 |  9.6
Fighting       | 1 2 3 4 5 |  5.1
Spellcasting   | 4 5 6 7 8 |  8.6
Summonings     | 1 2 4 6 7 8 |  8.0
Invocations    | 2 3 4 5 |  5.7
Conjurations   | 1 3 4 5 |  5.9
Hexes          | 4 5 |  5.2
Ranged Weapons | 2 3 |  3.6
Short Blades   | 1 |  1.5
Transmutations | |  1.1

Action                   |  1- 3 |  4- 6 |  7- 9 | 10-12 || total
-------------------------+-------+-------+-------+-------++-------
Melee: Dagger            |     4 |     7 |    11 |    40 ||    62
 Fire: Shortbow          |       |       |    31 |     3 ||    34
       Longbow           |       |       |       |    38 ||    38
 Cast: Sandblast         |    54 |   108 |   161 |   148 ||   471
       Stone Arrow       |     4 |     6 |     2 |    11 ||    23
       Call Canine Famil |       |       |    11 |    23 ||    34
       Passwall          |       |       |     1 |     1 ||     2
       Animate Armour    |       |       |     6 |    10 ||    16
       Tukima's Dance    |       |       |       |     7 ||     7
       Leda's Liquefacti |       |       |       |     4 ||     4
  Use: Scroll            |     4 |    12 |    12 |     6 ||    34
       Potion            |       |     1 |     1 |     5 ||     7
 Stab: Sleeping          |     1 |       |     4 |     3 ||     8
       Distracted        |       |       |       |     2 ||     2
Armor: Robe              |    23 |       |       |       ||    23
       Animal skin       |       |    20 |    14 |       ||    34
       Leather armour    |       |       |    45 |    91 ||   136
Dodge: Dodged            |    42 |    55 |   111 |   239 ||   447

Table legend: (Time is in decaauts)
 A = Elapsed time spent in this place.
 B = Non-inter-level travel time spent in this place.
 C = Inter-level travel time spent in this place.
 D = Time resting spent in this place.
 E = Time spent auto-exploring this place.
 F = Levels seen in this place.
 G = Mean time per level.
                   A        B        C        D        E       F      G
               +--------+--------+--------+--------+--------+-----+--------+
         Total |  18957 |  18419 |    538 |   7024 |   8547 |  14 | 1354.1 |
       Dungeon |  16726 |  16200 |    526 |   6221 |   7533 |  11 | 1520.5 |
          Lair |   1990 |   1978 |     12 |    709 |    970 |   2 |  995.0 |
         Sewer |    241 |    241 |      0 |     94 |     43 |   1 |  241.0 |
               +--------+--------+--------+--------+--------+-----+--------+

Top non-repeatable levels by time:
     D:8: 2884 daAuts
     D:6: 2211 daAuts
    D:10: 1915 daAuts
     D:1: 1806 daAuts
     D:2: 1701 daAuts
     D:7: 1393 daAuts
     D:9: 1371 daAuts
     D:5: 1326 daAuts
  Lair:1: 1317 daAuts
     D:3: 1183 daAuts
     D:4: 765 daAuts
  Lair:2: 672 daAuts
   Sewer: 241 daAuts
    D:11: 166 daAuts
